 Dungeon Crawl Stone Soup version 0.30.1-9-gdf580d7c3d (webtiles) character file.

Game seed: 6650718750227428817

105 Ivernyr the Shield-Bearer (level 5, 0/42 HPs)
             Began as a Formicid Fighter on Sept 24, 2023.
             Slain by Pargi (5 damage)
             ... in a sewer.
             The game lasted 00:04:15 (2411 turns).

Ivernyr the Shield-Bearer (Formicid Fighter)        Turns: 2411, Time: 00:04:16

Health: 0/42       AC:  7    Str: 22    XL:     5   Next: 9%
Magic:  5/5        EV:  9    Int:  8    God:
Gold:   103        SH:  5    Dex: 13    Spells: 4/4 levels left

rFire   . . .        a - +0 quarterstaff
rCold   . . .        c - +0 buckler
rNeg    . . .        b - +0 scale mail
rPois   .            (helmet unavailable)
rElec   .            (no cloak)
rCorr   .            (no gloves)
SInv    +            (no boots)
Will    .....        (no amulet) Stlth
                     (no ring)
HPRegen 0.27/turn    (no ring)
MPRegen 0.09/turn

%: no passive effects
@: no status effects
A: permanent stasis, dig shafts and tunnels, antennae 3, four strong arms
a: Dig


You were in a sewer.
You visited 1 branch of the dungeon, and saw 4 of its levels.
You also visited: Sewer.

You collected 103 gold pieces.

Inventory:

Hand Weapons
 a - a +0 quarterstaff (weapon)
Armour
 b - a +0 scale mail (worn)
 c - a +0 buckler (worn)
Scrolls
 e - a scroll of immolation {unknown}
 g - 3 scrolls of teleportation {unknown}
 j - 4 scrolls of identify {unknown}
 k - 3 scrolls of fear {unknown}
 n - a scroll of silence {unknown}
 r - a scroll of enchant armour {unknown}
 s - a scroll of blinking {unknown}
 t - a scroll of acquirement {unknown}
Potions
 d - 2 potions of might
 f - a potion of ambrosia {unknown}
 h - a potion of cancellation {unknown}
 i - 3 potions of curing {unknown}
 l - a potion of haste {unknown}
 m - a potion of degeneration {unknown}
 o - a potion of heal wounds {unknown}
 p - a potion of invisibility {unknown}
 q - a potion of mutation {unknown}


   Skills:
 + Level 3.9 Fighting
 * Level 3.3 Staves
 + Level 4.0 Armour
 + Level 4.8 Shields


You had 4 spell levels left.
You didn't know any spells.
Your spell library contained the following spells:

 Spells                   Type           Power      Damage    Failure   Level
 Call Canine Familiar     Summ           0%         N/A       99%         3
 Portal Projectile        Hex/Tloc       0%         N/A       99%         3
 Leda's Liquefaction      Hex/Erth       0%         N/A       100%        4


Dungeon Overview and Level Annotations

Branches:
Dungeon (4/15)              Sewer (1/1)
 Temple: D:4-7

Altars:

Shops:
D:3 *

Annotations:
Sewer Pargi


Innate Abilities, Weirdness & Mutations

You cannot be hasted, slowed, berserked, paralysed or teleported.
You can dig through walls and to a lower floor.
You have a pair of large antennae on your head. (SInv)
Your four strong arms can wield two-handed weapons with a shield.


Message History

Pargi is heavily wounded.
Pargi barely misses you. Pargi claws you. Pargi claws you but does no damage.
The frilled lizard misses you.
You hit Pargi.
Pargi is severely wounded.
Pargi bites you but does no damage. Pargi completely misses you.
Pargi claws you but does no damage.
The frilled lizard hisses.
You block the frilled lizard's attack.
You hit Pargi.
Pargi is severely wounded.
Pargi completely misses you. x2; Pargi claws you.
The frilled lizard barely misses you. Pargi barely misses you.
Pargi claws you but does no damage. Pargi claws you.
The frilled lizard misses you.
You completely miss Pargi.
Pargi is severely wounded.
Pargi snarls, "My home!
Leave!"
Pargi barely misses you. Pargi closely misses you.
Pargi claws you but does no damage. The frilled lizard bites you.
You closely miss Pargi.
Pargi is severely wounded.
Pargi bites you but does no damage. Pargi claws you but does no damage. x2
The frilled lizard bites you.
* * * LOW HITPOINT WARNING * * *
You miss Pargi.
Pargi is heavily wounded.
Pargi bites you.
* * * LOW HITPOINT WARNING * * *
Pargi claws you but does no damage. x2
The frilled lizard bites you but does no damage.
Pargi attacks as you move away! You block Pargi's attack.
Pargi claws you but does no damage. Pargi claws you.
* * * LOW HITPOINT WARNING * * *
Pargi attacks as you move away! Pargi bites you but does no damage.
Pargi barely misses you. Pargi claws you but does no damage.
You hit Pargi.
Pargi is heavily wounded.
Pargi bites you.
You die...

# ##.~≈≈≈≈≈≈≈≈≈ #
##.~≈≈≈≈≈≈≈≈ #
##..≈≈≈≈≈≈≈ #
###~≈≈≈≈≈≈# # #####
#.~≈≈≈≈≈≈≈# #
#...#######~≈≈≈≈≈≈≈≈
#.∩~..~~.†~≈≈≈≈≈≈≈≈≈
#...#######~≈≈≈≈≈≈≈#
##### ##@≈≈≈≈≈≈≈#
#lT≈≈≈≈≈≈≈≈
#.~≈≈≈≈≈≈≈≈
#.≈≈≈≈≈≈≈≈
#~~≈≈≈≈≈≈≈≈≈
.~.≈≈≈≈≈≈≈≈≈≈#
#.~≈≈≈≈≈≈≈≈≈≈≈≈#
.≈≈≈≈≈≈≈≈≈≈≈≈###
≈≈≈≈≈≈≈≈≈≈≈###


You could see Pargi and a frilled lizard.

Vanquished Creatures
  3 adders
  2 worms
  2 dart slugs
  2 ball pythons
  5 endoplasms
  7 giant cockroaches
  6 hobgoblins
  9 quokkas
  4 bats
  8 frilled lizards
  7 goblins
  4 kobolds
  5 rats
64 creatures vanquished.

Notes
Turn   | Place    | Note
-------+----------+-------------------------------------------
     0 | D:1      | Ivernyr the Formicid Fighter began the quest for the Orb.
     0 | D:1      | Reached XP level 1. HP: 18/18 MP: 1/1
   206 | D:1      | Reached XP level 2. HP: 24/24 MP: 2/2
   512 | D:1      | Reached XP level 3. HP: 23/29 MP: 3/3
  1013 | D:2      | Reached XP level 4. HP: 31/37 MP: 4/4
  1649 | D:3      | Found a faded altar of an unknown god.
  1675 | D:3      | Found Siumn's General Store.
  2274 | D:4      | Found a glowing drain.
  2301 | Sewer    | Entered a sewer
  2356 | Sewer    | Reached XP level 5. HP: 41/42 MP: 5/5
  2389 | Sewer    | Noticed Pargi
  2411 | Sewer    | Slain by Pargi

Illustrated notes

Levels and vault maps discovered:
D:1:      minmay_arrival_stone_box, layout_loops_ring
D:2:      wad_pebble_path, layout_basic, serial_forest,
          infiniplex_forest_lined_3, infiniplex_forest_clump_curved,
          infiniplex_forest_side_room, infiniplex_forest_clump_small,
          infiniplex_forest_end_3, infiniplex_forest_clump_small
D:3:      layout_loops_cross, basic_ecumenical_altar, serial_shops,
          nicolae_shop_getting_attention
D:4:      layout_basic, lemuel_round_altar, gup_sewer_entry_pipe,
          glass_columns_a
Sewer:    sewer_co_pargi_island

Skill      XL: |  1  2  3  4 |
---------------+-------------+-----
Staves         | 3 |  3.3
Armour         | 4 |  4.0
Fighting       | |  3.9
Shields        | |  4.8

Action                     |  1- 3 |  4- 6 || total
---------------------------+-------+-------++-------
  Melee: Quarterstaff      |    93 |   104 ||   197
 Armour: Scale mail        |    33 |    61 ||    94
  Dodge: Dodged            |    40 |    62 ||   102
  Block: Buckler           |    28 |    29 ||    57
